AoeStats
← tamduff

Arena

509601216Analyzed
2v2 RM · 7d ago on Sep 27, 2026· 36m 16s· 4 players
Game mode
Random Map
Map size
Medium (4 player)
Population
200
Speed
Normal
Resources
Standard
Victory
Conquest
Starting age
Dark Age
Ending age
Imperial Age
RankedLock teamsTeams togetherTeam positionsShared explorationLock speedFull tech treeHidden civsTurbo modeCheats
Victory
Defeat
🇫🇷 Ethiopians · France
928
+12
🇩🇪 Turks · Germany
891
+13
🇦🇷 Japanese · Argentina
857
-13
🇹🇷 Huns · Türkiye
818
-12
tamduff
9:04 Loom
11:00 Feudal Age
10:05 Loom
17:09 Castle Age
15:12 Double-Bit Axe
15:16 Horse Collar
17:32 Stone Mining
19:40 Gold Mining
20:02 Bow Saw
19:54 Fletching
20:38 Bodkin Arrow
21:19 Padded Archer Armor
26:20 Town Watch
28:48 Scale Barding Armor
28:55 Forging
29:33 Bloodlines
30:03 Husbandry
35:09 Imperial Age
33:38 Leather Archer Armor
33:45 Chain Barding Armor
36:57 Plate Barding Armor
cyriaque.dabo
10:03 Feudal Age
11:20 Double-Bit Axe
13:54 Fletching
13:53 Horse Collar
15:53 Town Watch
16:46 Wheelbarrow
20:16 Forging
22:57 Castle Age
22:39 Gold Mining
23:41 Bodkin Arrow
24:55 Crossbowman
27:55 Iron Casting
27:36 Thumb Ring
27:25 Light Cavalry
28:09 Husbandry
32:03 Padded Archer Armor
31:57 Town Watch
34:40 Scale Barding Armor
37:09 Imperial Age
mag8044
0:27 Loom
11:02 Feudal Age
17:33 Castle Age
15:34 Horse Collar
15:54 Double-Bit Axe
16:29 Stone Mining
16:48 Gold Mining
20:55 Heavy Plow
21:31 Bow Saw
23:27 Husbandry
trieukhom
2:37 Loom
14:28 Feudal Age
15:39 Double-Bit Axe
15:38 Horse Collar
17:17 Wheelbarrow
17:03 Gold Mining
17:07 Stone Mining
21:37 Castle Age
26:14 Imperial Age
24:21 Bow Saw
24:42 Heavy Plow
31:17 Squires
31:02 Arson
Connection lost

Rejoining the realm…

Still unreachable

The connection could not be restored.

Session expired

The server has moved on; the page needs a fresh start.